Map: Acid Plant LE

Players

Trap - Winner!

  • Race: Protoss Protoss
  • Spawn Location: 11:00

HeRoMaRinE

  • Race: Terran Terran
  • Spawn Location: 5:00

Event: IEM Season 12 - Katowice

VOD

Have the link to the VOD?

Description

Time

  • Played on: March 2, 2018, 2:10 p.m.
  • Length: 8:01

All games in this series

Show
View Real Time Build Order
Export as new Build Order

Trap Protoss - Winner!

Build Orders: 1 Gate Expand, Oracle Opening 

Get SALT Encoding   

  12  0:00  Probe  
  13  0:12  Probe  
  14  0:16  Pylon  
  14  0:24  Probe (Chrono Boost)  
  15  0:36  Probe (Chrono Boost), Gateway  
  16  0:44  Probe (Chrono Boost)  
  16  0:46  Assimilator  
  17  0:51  Probe  
  18  1:03  Probe  
  19  1:15  Probe  
  20  1:23  Nexus  
  20  1:33  Cybernetics Core  
  20  1:36  Probe  
  21  1:42  Assimilator  
  21  1:48  Probe  
  22  1:54  Pylon  
  22  2:00  Probe  
  23  2:11  Adept (Chrono Boost)  
  23  2:12  Probe  
  26  2:17  Stargate  
  26  2:23  Warp Gate  
  26  2:25  Probe (Chrono Boost)  
  26  2:29  Adept (Chrono Boost)  
  27  2:35  Probe (Chrono Boost)  
  31  2:43  Probe (Chrono Boost)  
  32  2:44  Probe (Chrono Boost)  
  32  2:47  Adept (Chrono Boost)  
  32  2:49  Probe (Chrono Boost)  
  35  2:52  Probe  
  35  2:58  Oracle (Chrono Boost)  
  36  3:01  Probe  
  40  3:12  Probe  
  41  3:13  Probe  
  42  3:20  Pylon  
  42  3:24  Probe  
  42  3:25  Probe  
  44  3:29  Oracle (Chrono Boost)  
  45  3:37  Probe, Gateway  
  45  3:38  Probe  
  45  3:39  Gateway  
  47  3:49  Probe  
  47  3:50  Probe  
  49  4:00  Nexus  
  49  4:01  Probe  
  49  4:02  Probe  
  51  4:09  Pylon  
  51  4:11  Phoenix (Chrono Boost)  
  51  4:13  Probe  
  54  4:27  Probe  
  54  4:28  Probe  
  54  4:29  Assimilator  
  54  4:30  Assimilator  
  56  4:34  Oracle (Chrono Boost)  
  59  4:39  Probe  
  59  4:40  Pylon  
  59  4:43  Stalker  
  62  4:46  Pylon  
  62  4:58  Stalker x2  
  66  5:01  Probe x2, Forge  
  66  5:04  Twilight Council  
  68  5:08  Stalker  
  70  5:15  Probe x3  
  73  5:28  Probe x3  
  74  5:29  Protoss Ground Weapons Level 1 (Chrono Boost)  
  74  5:32  Gateway  
  74  5:34  Blink (Chrono Boost)  
  74  5:35  Gateway  
  74  5:36  Gateway  
  74  5:44  Probe  
  74  5:45  Probe  
  74  5:46  Probe  
  77  5:52  Gateway  
  77  5:54  Robotics Facility  
  77  5:55  Gateway  
  77  5:57  Stalker  
  77  6:00  Stalker  
  77  6:03  Probe x2  
  77  6:04  Probe  
  84  6:09  Pylon  
  84  6:12  Pylon  
  84  6:16  Probe x2  
  84  6:17  Probe  
  85  6:28  Probe x2  
  85  6:29  Probe  
  88  6:37  Stalker x6  
  100  6:40  Assimilator  
  100  6:41  Assimilator  
  100  6:43  Pylon  
  100  6:44  Observer (Chrono Boost)  
  101  6:47  Pylon  
  101  6:52  Pylon  
  99  6:57  Observer (Chrono Boost)  
  97  7:09  Stalker x2  
  97  7:10  Stalker x5  
  97  7:11  Stalker  
  113  7:17  Warp Prism  
  115  7:23  Probe x3  
  114  7:45  Stalker x2  
  114  7:46  Stalker x4  
  120  7:57  Stalker x2  
Show
View Real Time Build Order
Export as new Build Order

HeRoMaRinE Terran 

Build Orders: Gas First Reaper Expand, Reaper Expand 

Get SALT Encoding   

  12  0:00  SCV  
  13  0:12  SCV  
  14  0:17  Supply Depot  
  14  0:24  SCV  
  15  0:29  Refinery  
  15  0:38  SCV  
  16  0:45  Barracks  
  16  0:50  SCV  
  17  1:03  SCV  
  18  1:15  SCV  
  19  1:32  Reaper, Orbital Command  
  20  1:43  Command Center  
  20  1:54  Factory  
  20  1:57  SCV  
  21  2:06  Barracks Reactor  
  21  2:10  SCV  
  21  2:13  Supply Depot  
  21  2:15  Refinery  
  22  2:22  SCV  
  23  2:34  SCV  
  24  2:41  Starport  
  24  2:42  Marine  
  24  2:43  Marine  
  26  2:46  Widow Mine  
  26  2:47  SCV  
  29  2:55  Orbital Command  
  29  2:59  SCV  
  29  3:00  Marine x2  
  32  3:11  SCV  
  33  3:13  Widow Mine  
  33  3:18  Medivac  
  37  3:22  SCV  
  37  3:23  Marine x2  
  37  3:25  SCV  
  40  3:34  SCV  
  40  3:37  SCV, Factory Tech Lab  
  40  3:41  Marine x2  
  43  3:42  Supply Depot  
  43  3:46  SCV  
  45  3:49  SCV  
  46  4:02  Supply Depot  
  46  4:04  Viking, SCV x2, Siege Tank  
  53  4:10  Marine  
  53  4:14  Supply Depot  
  54  4:19  Liberator  
  54  4:20  SCV  
  54  4:22  Marine  
  54  4:24  SCV  
  55  4:29  Marine  
  55  4:30  Command Center  
  55  4:32  SCV  
  59  4:40  Marine  
  59  4:43  SCV  
  59  4:44  SCV  
  62  4:52  Barracks  
  62  4:55  SCV, Barracks  
  62  4:56  Factory Reactor  
  63  5:00  SCV  
  63  5:05  Engineering Bay  
  64  5:08  SCV  
  64  5:11  Marine  
  64  5:12  SCV  
  64  5:13  Liberator  
  67  5:20  SCV  
  67  5:24  SCV  
  67  5:25  Bunker  
  63  5:29  Marine  
  63  5:32  SCV  
  63  5:33  Missile Turret  
  69  5:38  Missile Turret  
  69  5:39  SCV  
  67  5:44  SCV  
  66  5:50  Marine  
  66  5:51  SCV  
  66  5:56  SCV  
  64  5:58  Barracks  
  64  6:01  Marine x4, Factory Reactor  
  64  6:02  Barracks  
  64  6:04  SCV  
  69  6:06  Terran Infantry Weapons Level 1  
  69  6:08  SCV, Refinery  
  69  6:09  Refinery  
  67  6:12  Marauder  
  67  6:16  SCV  
  69  6:18  Starport Reactor  
  69  6:19  Marine  
  69  6:20  Marine  
  69  6:21  SCV  
  68  6:28  Supply Depot, SCV  
  68  6:29  Supply Depot  
  69  6:33  SCV, Barracks Tech Lab  
  69  6:35  Orbital Command  
  69  6:36  Marine x2  
  74  6:40  Widow Mine x2, SCV  
  74  6:42  Marine x2  
  74  6:45  SCV  
  80  6:52  SCV  
  80  6:53  Marine x2  
  85  6:54  Marauder  
  85  6:55  Ghost Academy  
  85  6:57  SCV  
  85  7:00  Marine x2  
  85  7:02  Orbital Command  
  85  7:04  SCV  
  86  7:09  SCV  
  86  7:11  Marine, Barracks Tech Lab  
  86  7:14  Marine  
  86  7:15  Marauder  
  91  7:16  SCV  
  91  7:18  Marine x2  
  91  7:19  Widow Mine x2, Barracks Tech Lab  
  91  7:20  Medivac  
  91  7:21  SCV  
  101  7:24  Medivac  
  101  7:27  Supply Depot  
  101  7:28  SCV  
  101  7:29  Marine  
  105  7:31  SCV  
  105  7:32  Missile Turret  
  105  7:33  SCV  
  105  7:34  Marine, Marauder  
  105  7:36  Marine  
  103  7:40  Marine x2  
  103  7:41  Marine  
  103  7:42  SCV  

Tags
 
Add a new tag
Caveats
  • Supply blocks, unpowered buildings, or Contaminate may cause inaccurate times.
  • Supply counts are checked every 10 seconds.